 Dungeon Crawl Stone Soup version 0.28-a0-413-gde365fb1df (webtiles) character file.

Game seed: 4756917243709849841

32 Demosthentine the Poker (level 3, -1/28 HPs)
             Began as a Merfolk Gladiator on Sept 7, 2021.
             Succumbed to a goblin's poison
             ... on level 2 of the Dungeon.
             The game lasted 00:00:47 (1154 turns).

Demosthentine the Poker (Merfolk Gladiator)         Turns: 1154, Time: 00:00:48

Health: -1/28      AC:  4    Str: 15    XL:     3   Next: 27%
Magic:  3/3        EV: 13    Int:  7    God:
Gold:   51         SH:  0    Dex: 15    Spells: 2/2 levels left

rFire   . . .      SeeInvis .   a - +0 trident
rCold   . . .      Faith    .   (no shield)
rNeg    . . .      Spirit   .   b - +0 leather armour
rPois   .          Reflect  .   c - +0 helmet
rElec   .          Harm     .   (no cloak)
rCorr   .          Rampage  .   (no gloves)
Will    .....                   (no boots)
Stlth   +.........              (no amulet)
HPRegen 0.09/turn               (no ring)
MPRegen 0.08/turn               (no ring)

@: lethally poisoned (-1 -> -8), very slightly contaminated, invisible
A: (nimble swimmer 2), mertail
a: no special abilities


You were on level 2 of the Dungeon.
You visited 1 branch of the dungeon, and saw 2 of its levels.

You collected 51 gold pieces.

Inventory:

Hand Weapons
 a - a +0 trident (weapon)
Missiles
 d - 3 throwing nets (quivered)
Armour
 b - a +0 leather armour (worn)
 c - a +0 helmet (worn)
Scrolls
 e - a scroll of identify {unknown}
 g - a scroll of summoning {unknown}


   Skills:
 + Level 2.7 Fighting
 + Level 5.0 Polearms
 - Level 2.0 Throwing
 + Level 0.7 Armour
 + Level 4.4 Dodging


You had 2 spell levels left.
You didn't know any spells.
Your spell library was empty.

Dungeon Overview and Level Annotations

Branches:
Dungeon (2/15)

Altars:

Annotations:
D:2 Robin


Innate Abilities, Weirdness & Mutations

((You are quick and stealthy near water. (Stealth+, EV+, Speed+++)))
Your lower body shifts to a powerful aquatic tail in water.


Message History

The giant cockroach barely misses you.
A hobgoblin comes into view.
Unknown command.
You hit the giant cockroach but do no damage.
The giant cockroach closely misses you. Robin throws the goblin at you!
The goblin hits you with a +1 dagger of venom.
You are poisoned.
A hobgoblin comes into view.
The giant cockroach bites you but does no damage.
You closely miss the giant cockroach.
You feel very sick.
Robin says, "Bow before me, strongest of all the hobgoblins!"
The giant cockroach barely misses you.
The goblin hits you with a +1 dagger of venom.
You are lethally poisoned!
Unknown command.
You feel very sick.
The goblin hits you with a +1 dagger of venom.
Unknown command.
A quokka comes into view.
Found a dagger.
* * * LOW HITPOINT WARNING * * *
You feel very sick. The goblin completely misses you.
Unknown command.
It was a potion of invisibility.
You fade into invisibility!
* * * LOW HITPOINT WARNING * * *
You feel very sick. The giant cockroach barely misses you.
The goblin closely misses you.
You are very lightly contaminated with residual magic.
Unknown command.
* * * LOW HITPOINT WARNING * * *
You feel sick.
The giant cockroach bites you but does no damage.
Unknown command.
* * * LOW HITPOINT WARNING * * *
You feel sick.
Unknown command.
You die... gg

#g############# ###
#g.g.##......(#######..
#.##.......##.......
).#####g.........##.##.##.
......g......######.#...#.
......#gB....# #..._...
.#...........######.#...#.
##......@..........##.##.
#...#...................
#..r..#.#.#..........##.
#..#.....#.#..........##.
...##.............#######.
......###.....#....# #.
.... #..##.##.#.## #. ...
#..###....#..# #. ...
###..##.#####.


You could see a quokka (wandering), a giant cockroach and 4 goblins.

Vanquished Creatures
  A dart slug (D:1)
  2 endoplasms
  3 giant cockroaches
  5 goblins
  A hobgoblin (D:1)
  3 jackals (D:2)
  3 kobolds (D:1)
  A quokka (D:2)
  2 ball pythons
  2 frilled lizards (D:1)
  4 rats (D:1)
27 creatures vanquished.

Notes
Turn   | Place    | Note
-------+----------+-------------------------------------------
     0 | D:1      | Demosthentine the Merfolk Gladiator began the quest for the
                  | Orb.
     0 | D:1      | Reached XP level 1. HP: 16/16 MP: 1/1
   228 | D:1      | Reached XP level 2. HP: 22/23 MP: 2/2
   976 | D:2      | Reached XP level 3. HP: 28/28 MP: 3/3
  1086 | D:2      | Found a faded altar of an unknown god.
  1143 | D:2      | Noticed Robin
  1146 | D:2      | Reached skill level 5 in Polearms
  1153 | D:2      | HP: 1/28 [poisoned by a goblin]
  1154 | D:2      | Succumbed to a goblin's poison

Illustrated notes

Levels and vault maps discovered:
D:1:      nzn_arrival_settlement, layout_loops_corners
D:2:      layout_rooms, serial_shops, shop_fountains,
          ebering_ecumenical_altar_box, uniq_robin

Skill      XL: |  1  2  3 |
---------------+----------+-----
Polearms       | 5 |  5.0
Fighting       | |  2.7
Throwing       | |  2.0
Armour         | |  0.7
Dodging        | |  4.4

Action                   || total
-------------------------++-------
Melee: Trident           ||    74
  Use: Scroll            ||     1
       Potion            ||     1
 Stab: Sleeping          ||     1
Armor: Leather armour    ||    14
Dodge: Dodged            ||    52

Table legend: (Time is in decaauts)
 A = Elapsed time spent in this place.
 B = Non-inter-level travel time spent in this place.
 C = Inter-level travel time spent in this place.
 D = Time resting spent in this place.
 E = Time spent auto-exploring this place.
 F = Levels seen in this place.
 G = Mean time per level.
                   A        B        C        D        E       F      G
               +--------+--------+--------+--------+--------+-----+--------+
         Total |   1159 |   1109 |     50 |      0 |    931 |   2 |  579.5 |
       Dungeon |   1159 |   1109 |     50 |      0 |    931 |   2 |  579.5 |
               +--------+--------+--------+--------+--------+-----+--------+

Top non-repeatable levels by time:
     D:1: 967 daAuts
     D:2: 191 daAuts
